 Dungeon Crawl Stone Soup version 0.21-a0-52-gbf49515 (webtiles) character file.

48 KristoblXynda the Sneak (level 3, 0/28 HPs)
             Began as a Naga Enchanter on June 13, 2017.
             Slain by a kobold (1 damage)
             ... on level 3 of the Dungeon.
             The game lasted 00:04:46 (1173 turns).

KristoblXynda the Sneak (Naga Enchanter)            Turns: 1173, Time: 00:04:47

Health: 0/28       AC:  4    Str: 10    XL:     3   Next: 72%
Magic:  7/7        EV: 10    Int: 16    God:
Gold:   77         SH:  0    Dex: 11    Spells: 2/7 levels left

rFire    . . .     SeeInvis +   o - +0 short sword (venom)
rCold    . . .     Gourm    .   (no shield)
rNeg     . . .     Faith    .   b - +0 robe
rPois    +         Spirit   .   (no helmet)
rElec    .         Reflect  .   (no cloak)
rCorr    .         Harm     .   k - +1 pair of gloves
MR       .....                  (no barding)
Stlth    +++.......             (no amulet)
Regen    0.1/turn               (no ring)
MPRegen  0.1/turn               (no ring)

@: very slow
A: see invisible, deformed body, poison resistance, slowness 2, slow metabolism
1, spit poison 1, AC +1
a: Spit Poison


You were on level 3 of the Dungeon.
You were not hungry.

You visited 1 branch of the dungeon, and saw 3 of its levels.

You collected 77 gold pieces.

Inventory:

Hand Weapons
 a - a +1 dagger
 o - a +0 short sword of venom (weapon)
Armour
 b - a +0 robe (worn)
 k - a +1 pair of gloves (worn)
Scrolls
 g - a scroll of amnesia
Potions
 h - a potion of haste {unknown}
 i - a potion of mutation {unknown}
 j - 2 potions of brilliance {unknown}
 m - a potion of magic {unknown}
 n - a potion of invisibility {unknown}
 r - a potion of agility {unknown}
 s - a potion of might {unknown}
Books
 c - a book of Maledictions

   Spells                             Type                      Level
   a - Corona                         Hexes                        1
   b - Ensorcelled Hibernation        Hexes/Ice                    2
   c - Confuse                        Hexes                        3
   d - Tukima's Dance                 Hexes                        3
   e - Dazzling Spray                 Conjuration/Hexes            3
Comestibles
 d - 5 bread rations
 l - a royal jelly
 q - a fruit


   Skills:
 - Level 1.0 Short Blades
 - Level 1.5 Dodging
 + Level 5.3 Stealth
 + Level 2.8 Spellcasting
 + Level 3.4 Hexes


You had 2 spell levels left.
You knew the following spells:

 Your Spells              Type           Power        Failure   Level  Hunger
b - Ensorcelled Hibernat  Hex/Ice        #.....       14%         2    ##.....
c - Confuse               Hex            ##......     14%         3    ###....


Dungeon Overview and Level Annotations

Branches:
Dungeon (3/15)

Altars:


Innate Abilities, Weirdness & Mutations

You cannot wear boots.
Your serpentine skin is tough. (AC +1)
You have supernaturally acute eyesight. (SInv)
Armour fits poorly on your strangely shaped body.
Your system is resistant to poisons. (rPois)
You cover ground very slowly.
You have a slow metabolism.
You can spit poison.


Message History

You feel strangely unstable.
It was a scroll of teleportation.
The leopard gecko barely misses you. The gnoll closely misses you.
The rat closely misses you. The gnoll hits you.
* * * LOW HITPOINT WARNING * * *
The gnoll misses you.
You feel better. The leopard gecko closely misses you. The gnoll hits you.
The rat bites you but does no damage. The gnoll hits you with a halberd!
* * * LOW HITPOINT WARNING * * *
The gnoll barely misses you.
Your surroundings suddenly seem different.
The bat closely misses you.
Found a dented fluorescent amulet.
Found a stone staircase leading down.
A bat, an adder, a worm, an ice beast and a kobold come into view.
You miss the bat.
The kobold shouts!
The adder hisses angrily.
The bat hits you but does no damage.
You barely miss the kobold. The bat hits you.
* * * LOW HITPOINT WARNING * * *
The kobold hits you.
You die...

### #.# ...
.. "...
###..###
..... ..#....
....Y##.#..##
.........>..#
#........#
#.@K...#
....S..b....#
.#.#...#.#..#
#... .. ....
w.... ... ###
###### ##.#
.# .#


You could see an ice beast, a worm, an adder, a bat and a kobold.

Vanquished Creatures
  A worm (D:2)
  3 dart slugs
  6 bats
  2 giant cockroaches
  A goblin (D:1)
  3 hobgoblins
  4 jackals (D:2)
  3 frilled lizards
  7 kobolds
  6 rats
36 creatures vanquished.

Notes
Turn   | Place    | Note
-------+----------+-------------------------------------------
     0 | D:1      | KristoblXynda the Naga Enchanter began the quest for the Orb.
     0 | D:1      | Reached XP level 1. HP: 15/15 MP: 3/3
    91 | D:1      | Reached XP level 2. HP: 17/22 MP: 5/5
    95 | D:1      | Learned a level 2 spell: Ensorcelled Hibernation
   119 | D:1      | Reached skill level 5 in Stealth
   501 | D:1      | Reached XP level 3. HP: 27/28 MP: 6/6
   511 | D:1      | Learned a level 3 spell: Confuse
  1172 | D:3      | Noticed an ice beast
  1173 | D:3      | HP: 1/28 [bat (1)]
  1173 | D:3      | Slain by a kobold

Vault maps used:
D:1:      minmay_arrival_up_and_down, serial_corexii_hall,
          corexii_hall_statues_x, corexii_hall_statues_i
D:2:      minmay_wonky_spiral
D:3:      chequers_ecumenical_altar_grove

Skill      XL: |  1  2 |
---------------+-------+-----
Stealth        | 5 |  5.3
Short Blades   | |  1.0
Dodging        | |  1.5
Spellcasting   | |  2.8
Hexes          | |  3.4

Action                   || total
-------------------------++-------
Melee: Dagger            ||    42
       Short sword       ||    33
 Cast: Ensorcelled Hiber ||     6
 Abil: Spit Poison       ||     9
  Use: Scroll            ||     4
       Potion            ||     3
 Stab: Sleeping          ||    13
  Eat: Fruit             ||     1
Armor: Robe              ||    46
Dodge: Dodged            ||   106
